 Dungeon Crawl Stone Soup version 0.24.0-2-g5b39cebb1c (webtiles) character file.

Game seed: 10673387024722549335, levelgen mode: deterministic

16 Mrkan the Caller (level 2, 0/16 HPs)
             Began as a Tengu Summoner on Oct 29, 2019.
             Slain by a rat (2 damage)
             ... on level 1 of the Dungeon.
             The game lasted 00:02:11 (1401 turns).

Mrkan the Caller (Tengu Summoner)                   Turns: 1401, Time: 00:02:12

Health: 0/16       AC:  2    Str:  8    XL:     2   Next: 58%
Magic:  6/6        EV: 13    Int: 15    God:
Gold:   27         SH:  0    Dex: 14    Spells: 2/5 levels left

rFire    . . .     SeeInvis .   i - +0 club
rCold    . . .     Gourm    .   (no shield)
rNeg     . . .     Faith    .   a - +0 robe
rPois    .         Spirit   .   (helmet restricted)
rElec    .         Reflect  .   (no cloak)
rCorr    .         Harm     .   (no gloves)
MR       .....                  (boots unavailable)
Stlth    ++........             (no amulet)
HPRegen  0.05/turn              (no ring)
MPRegen  0.10/turn              (no ring)

@: no status effects
A: beak, talons 3
a: no special abilities


You were on level 1 of the Dungeon.
You were not hungry.

You visited 1 branch of the dungeon, and saw 1 of its levels.

You collected 27 gold pieces.

Inventory:

Hand Weapons
 i - a +0 club (weapon)
Missiles
 g - 55 stones (quivered)
Armour
 a - a +0 robe (worn)
Scrolls
 d - 2 scrolls of identify {unknown}
 e - a scroll of magic mapping {unknown}
 h - a scroll of enchant weapon {unknown}
 j - a scroll of enchant armour {unknown}
Potions
 b - 2 potions of curing {unknown}
Comestibles
 c - 2 rations
 f - a chunk of flesh


   Skills:
 + Level 0.7 Fighting
 + Level 2.4 Dodging
 - Level 2.0 Stealth
 + Level 2.2 Spellcasting
 * Level 5.2 Summonings


You had 2 spell levels left.
You knew the following spells:

 Your Spells              Type           Power        Failure   Level  Hunger
a - Summon Small Mammal   Summ           ###.         2%          1    #......
b - Call Imp              Summ           ###.....     3%          2    ###....

Your spell library contained the following spells:

 Spells                   Type           Power        Failure   Level  Hunger
 Call Canine Familiar     Summ           ###.....     8%          3    ###....
 Summon Guardian Golem    Hex/Summ       #.......     22%         3    ###....
 Summon Ice Beast         Ice/Summ       #.......     58%         4    #####..
 Summon Lightning Spire   Summ/Air       #.......     58%         4    #####..


Dungeon Overview and Level Annotations

Branches:
Dungeon (1/15)

Altars:


Innate Abilities, Weirdness & Mutations

You have a beak for a mouth.
You have claws for feet.


Message History

The rat twitches its whiskers.
The rat closely misses you. The rat bites you.
You hit the rat.
You kill the rat!
The rat closely misses you. x2
You completely miss the rat. You claw the rat.
The rat is severely wounded.
The rat misses you. The rat closely misses you. The rat bites you.
The rat bites you but does no damage.
You hit the rat.
You kill the rat!
The rat bites you.
You barely miss the rat. You claw the rat, but do no damage.
The rat barely misses you.
You hit the rat but do no damage. Your peck misses the rat. The rat bites you.
* * * LOW HITPOINT WARNING * * *
You hit the rat.
The rat is moderately wounded.
The rat misses you. The rat bites you.
You die...

.### #..ā‰ˆPā‰ˆ#..###
##.... ## ###.###.#..##
#.##. # #...# #.....##
###.##. #.#####..##..####
#....#. ##.##......>.....#
###.##.#.
#..#..############
#........ #.##.##
##...?.### #....####
#.##.######(.......###....#
#.#.......#..@r.....##...[#
#...#####.###...##..##....#
#..## #.# #######)ā€ #....#
#.## #.##### ##'####.# ###
#.....# #....#.# #..)..#
#.<..#.# #.....# ###.##.#
####### #....# ######


You could see a rat.

Vanquished Creatures
  A leopard gecko (D:1)
  3 goblins (D:1)
  2 hobgoblins (D:1)
  A kobold (D:1)
  A ball python (D:1)
  A bat (D:1)
  2 frilled lizards (D:1)
  5 rats (D:1)
16 creatures vanquished.

Notes
Turn   | Place    | Note
-------+----------+-------------------------------------------
     0 | D:1      | Mrkan the Tengu Summoner began the quest for the Orb.
     0 | D:1      | Reached XP level 1. HP: 10/10 MP: 4/4
   416 | D:1      | Reached skill level 5 in Summonings
   621 | D:1      | Reached XP level 2. HP: 12/16 MP: 6/6
  1217 | D:1      | Learned a level 2 spell: Call Imp
  1401 | D:1      | Slain by a rat

Levels and vault maps discovered:
D:1:      dpeg_arrival_ratfight, layout_rooms, serial_bayou_pond_c

Skill      XL: |  1 |
---------------+----+-----
Summonings     | 5 |  5.2
Fighting       | |  0.7
Dodging        | |  2.4
Stealth        | |  2.0
Spellcasting   | |  2.2

Action                   || total
-------------------------++-------
Melee: Unarmed           ||    47
       Kick              ||     9
       Peck              ||     5
       Club              ||    21
 Cast: Summon Small Mamm ||     2
       Call Imp          ||     1
 Stab: Sleeping          ||     3
  Eat: Chunk             ||     2
Armor: Robe              ||    15
Dodge: Dodged            ||    67
